 Dungeon Crawl Stone Soup version 0.18.1-47-g9310371 (webtiles) character file.

80334 Wardy2 the Fencer (level 15, -11/166 HPs)
             Began as a Deep Dwarf Fighter on June 16, 2016.
             Was the Champion of Makhleb.
             Killed from afar by a fire giant (27 damage)
             ... with a bolt of fire
             ... on level 3 of the Depths on June 17, 2016.
             The game lasted 02:08:46 (14631 turns).

Wardy2 the Fencer (Deep Dwarf Fighter)             Turns: 14631, Time: 02:08:47

Health: -11/166    AC: 27    Str: 25    XL:     15   Next: 23%
Magic:  6/6        EV: 13    Int: 10    God:    Makhleb [******]
Gold:   885        SH:  9    Dex: 11    Spells: 1 memorised, 12 levels left

rFire  + . .     SeeInvis .     R - +10 double sword of Ru's Generosity {antimagic, MR+}
rCold  + + +     Gourm    .     S - +1 storm dragon armour
rNeg   + . .     Faith    .     H - +0 shield
rPois  +         Spirit   .     F - +2 helmet
rElec  +         Dismiss  .     C - +2 cloak of Starlight {rElec rC+ EV+4 Stlth--}
rCorr  +         Reflect  .     (no gloves)
SustAt +         Harm     +     (no boots)
MR     ++++.     Clarity  +     T - amulet of harm
Stlth  ..........               X - ring of protection from magic
                                A - ring of sustain attributes

@: resistant, very slightly contaminated, non-regenerating, incredibly resistant
to hostile enchantments, extremely unstealthy
A: damage resistance, recharge devices, talons 1, repulsion field 1, rough black
scales 1, thin skeletal structure 1, clarity, clumsy 1, cold resistance 1, low
mp 1, negative energy resistance 1, sense surroundings 2, robust 1, slow
regeneration 3, wild magic 1, sturdy frame 1
a: Device Recharging, Minor Destruction, Lesser Servant of Makhleb, Major
Destruction, Greater Servant of Makhleb, Renounce Religion


You were on level 3 of the Depths.
You worshipped Makhleb.
Makhleb was exalted by your worship.
You were not hungry.

You visited 3 branches of the dungeon, and saw 20 of its levels.

You collected 1157 gold pieces.
You spent 272 gold pieces at shops.

Inventory:

Hand Weapons
 E - the +4 longbow of Incongruity {velocity, rElec MP-9 Str+2 Int+3}
   (You found it on level 14 of the Dungeon)

   Any arrow fired from it inflicts extra damage.
   It affects your strength (+2).
   It affects your intelligence (+3).
   It insulates you from electricity.
   It affects your magic capacity (-9).
 R - the +10 double sword of Ru's Generosity (weapon) {antimagic, MR+}
   (You acquired it on level 13 of the Dungeon)

   It disrupts the flow of magical energy around spellcasters and certain
   magical creatures (including the wielder).
   It affects your resistance to hostile enchantments.
Missiles
 c - 256 arrows
Armour
 x - a +4 ring mail of magic resistance
 C - the +2 cloak of Starlight (worn) {rElec rC+ EV+4 Stlth--}
   (You found it on level 10 of the Dungeon)

   It affects your evasion (+4).
   It protects you from cold.
   It insulates you from electricity.
   It makes you much less stealthy.
 F - a +2 helmet (worn)
 H - a +0 shield (worn)
 S - a +1 storm dragon armour (worn)
Jewellery
 i - a +3 ring of protection {unknown}
 A - a ring of sustain attributes (left hand)
 T - an amulet of harm (around neck)
 X - a ring of protection from magic (right hand)
Wands
 e - a wand of heal wounds (0/9)
 v - a wand of acid (1/15)
 w - a wand of paralysis (2/24)
 G - a wand of paralysis (11/24)
 M - a wand of lightning (5/15)
 Q - a wand of acid (9/15)
 U - a wand of flame (5/48)
 Y - a wand of slowing (15/48)
Scrolls
 p - 7 scrolls of magic mapping
 r - a scroll of enchant armour
 z - 4 scrolls of identify
 B - 3 scrolls of noise
 D - 7 scrolls of remove curse
 J - 2 scrolls of recharging
 L - a scroll of fog {unknown}
 N - 4 scrolls of teleportation
 V - 4 scrolls of amnesia
Potions
 a - 2 potions of curing
 d - a potion of might
 l - 3 potions of flight
 I - a potion of lignification
 K - a potion of agility
Books
 b - a book of Spatial Translocations

   Spells                             Type                      Level
   a - Apportation                    Translocation                1
   b - Blink                          Translocation                2
   c - Shroud of Golubria             Charms/Translocation         2
   d - Portal Projectile              Translocation                3
   e - Teleport Other                 Translocation                3
   f - Passage of Golubria            Translocation                4
 m - Juskec's Handbook of Toxic Dark Rites
   (You found it on level 14 of the Dungeon)

   Spells                             Type                      Level
   a - Sting                          Conjuration/Poison           1
   b - Pain                           Necromancy                   1
   c - Agony                          Necromancy                   5
   d - Cigotuvi's Embrace             Necromancy                   5
 O - a book of Power

   Spells                             Type                      Level
   a - Fulminant Prism                Conjuration/Hexes            4
   b - Iskenderun's Mystic Blast      Conjuration                  4
   c - Venom Bolt                     Conjuration/Poison           5
   d - Bolt of Magma                  Conjuration/Fire/Earth       5
   e - Iron Shot                      Conjuration/Earth            6
   f - Orb of Destruction             Conjuration                  7
   g - Spellforged Servitor           Conjuration/Summoning        7
Miscellaneous
 h - a plain deck of escape
 u - a sack of spiders
 P - a phial of floods
Comestibles
 f - 11 bread rations
 k - 5 fruits
 q - 11 slices of pizza
 s - 7 meat rations
 t - 3 beef jerkies


   Skills:
 - Level 14.0 Fighting
 * Level 16.8 Long Blades
   Level 2.1 Slings
 + Level 12.0 Armour
 - Level 1.3 Dodging
 - Level 3.2 Shields
 - Level 12.5 Evocations


You had 12 spell levels left.
You knew the following spells:

 Your Spells              Type           Power        Failure   Level  Hunger
a - Blink                 Tloc           N/A          100%        2    ###....


Dungeon Overview and Level Annotations

Branches:
Dungeon (15/15)            Temple (1/1) D:7            Lair (0/8) D:10
 Vaults (0/5) D:13         Depths (4/5) D:15
    Orc: D:9-12

Altars:
Ashenzari
Cheibriados
Dithmenos
Elyvilon
Fedhas
Gozag
Kikubaaqudgha
Makhleb
Nemelex Xobeh
Okawaru
Pakellas
Qazlal
Ru
Sif Muna
Trog
Vehumet
Xom
Yredelemnul
Zin
The Shining One

Shops:
D:5 }   D:7 }   D:11 *([*(   D:14 ?

Portals:
Hell: Depths:1 Depths:3

Annotations:
Depths:4 Margery


Innate Abilities, Weirdness & Mutations

You are resistant to damage.
You can recharge devices by infusing magical energy.
You resist negative energy.
You passively map the area around you.
You do not regenerate naturally.
You have sharp toenails.
You are surrounded by a mild repulsion field (EV +2).
You are partially covered in rough black scales (AC +4, Dex -1).
You have a somewhat thin skeletal structure (Dex +2, Stealth).
You possess an exceptional clarity of mind.
You are clumsy. (Dex -2)
Your flesh is cold resistant.
Your magical capacity is low (-10% MP).
You are robust (+10% HP).
Your spells are a little harder to cast, but a little more powerful.
Your movements are slightly less encumbered by armour (ER -2).


Message History

You feel much better. You block the fire giant's attack.
Drink which item? (? for menu, Esc to quit)
You feel much better.
The fire giant hits you but does no damage.
You slash the fire giant!
The fire giant's magic leaks into the air.
Your kick misses the fire giant.
The fire giant is heavily wounded.
You hit the fire giant but do no damage.
You claw the fire giant, but do no damage.
The fire giant is heavily wounded.
The fire giant points at you and mumbles some strange words.
The fireball explodes!
The fireball engulfs you!
* * * LOW HITPOINT WARNING * * *
The fireball engulfs the fire giant.
The fire giant resists.
Drink which item? (? for menu, Esc to quit)
You feel protected. The fire giant casts a spell at you.
The bolt of fire hits you! You resist.
You die...

,* * ##.#
#.# * #.#
#.# * #C#
#.# , ,
#∩# #.#
** #.#
#.# #.#
#.# ##.#
#.#
###C.#
#.#
***#.@.##
#.#
*#.$..###
#.#
#..####
#<# *
*#..**
### ... *
** ##*


You could see a fire giant.

Vanquished Creatures
  A lich (Depths:1)
  Gastronok (D:12)
  A frost giant (D:14)
  2 very ugly things (Depths:1)
  An orc warlord (D:14)
  3 vault guards (D:13)
  Erolcha (D:13)
  An ettin (Depths:1)
  A fire dragon (Depths:1)
  A merfolk javelineer (Depths:1)
  A great orb of eyes (Depths:1)
  Harold (D:12)
  2 hydras (D:15)
  8 centaur warriors
  A death knight (D:15)
  2 deep troll earth magi
  2 ogre magi
  3 tengu warriors
  A vampire mage (Depths:1)
  The ghost of Ery the Fighter, a novice MiBe of Trog (D:8)
  2 wizards (D:13)
  3 skeletal warriors (D:15)
  13 hell knights
  5 deep trolls (Depths:1)
  A flayed ghost (Depths:2)
  A deep elf archer (D:13)
  2 hill giants
  Pikel (D:8)
  2 phantasmal warriors
  A necromancer (D:15)
  A wolf spider zombie (D:14)
  A sphinx zombie (D:15)
  3 cyclopes
  17 ugly things
  4 manticores
  An elephant (D:10)
  Maurice (D:8)
  A spriggan zombie (D:15)
  Psyche (D:8)
  2 freezing wraiths (D:15)
  2 yaktaurs (D:13)
  An efreet (D:10)
  A yaktaur zombie (D:15)
  3 two-headed ogres
  4 trolls
  A tengu conjurer (D:15)
  5 slime creatures (D:15)
  A shadow (Depths:2)
  A spriggan skeleton (D:15)
  A wyvern (D:14)
  5 water elementals
  3 wraiths
  2 hogs (D:7)
  17 humans
  20 yaks
  2 hippogriffs
  A steam dragon (D:7)
  Edmund (D:5)
  2 insubstantial wisps (D:7)
  3 vampire mosquitoes (D:12)
  6 wargs (Depths:2)
  A swamp worm (shapeshifter) (Depths:2)
  A soldier ant (D:14)
  A water moccasin (D:6)
  6 hell hounds (Depths:2)
  4 orc warriors
  5 sky beasts
  4 phantoms
  4 ice beasts
  2 black bears
  A wasp (D:13)
  13 ogres
  6 wolves (Depths:2)
  21 centaurs
  A crocodile (D:10)
  10 giant frogs
  A big kobold (D:10)
  A wyvern skeleton (D:14)
  5 scorpions
  19 killer bees
  An electric eel (D:14)
  5 howler monkeys
  12 wights
  3 giant frog zombies
  3 centaur zombies
  6 crimson imps
  8 hounds
  2 jellies
  A quasit (D:15)
  4 giant frog skeletons
  3 orc priests
  6 centaur skeletons
  9 orc wizards
  3 iguanas
  9 worker ants
  2 sheep
  A hound zombie (D:7)
  A hound skeleton (D:5)
  2 worker ant zombies
  2 howler monkey skeletons
  12 adders
  2 shadow imps
  A white imp (Depths:1)
  An ooze (D:1)
  An adder zombie (D:9)
  3 adder skeletons
  6 worms
  2 dart slugs (D:1)
  7 giant geckos
  37 orcs
  5 giant cockroaches
  8 goblins
  9 hobgoblins
  11 jackals
  10 kobolds
  2 quokkas
  3 ball pythons
  8 bats
  2 giant newts
  2 quokka skeletons
  8 rats
  A fire vortex (D:14)
  A plant (D:10)
  A withered plant (D:15)
512 creatures vanquished.

Vanquished Creatures (collateral kills)
  A necrophage (D:9)
  2 jackals (D:9)
3 creatures vanquished.

Vanquished Creatures (others)
  A hippogriff (D:8)
  A sky beast (D:7)
  A black bear (D:8)
  3 slaves (D:8)
  A giant frog (Depths:1)
  4 orcs
11 creatures vanquished.

Grand Total: 526 creatures vanquished

Notes
Turn   | Place    | Note
--------------------------------------------------------------
     0 | D:1      | Wardy2 the Deep Dwarf Fighter began the quest for the Orb.
     0 | D:1      | Reached XP level 1. HP: 20/20 MP: 1/1
   129 | D:1      | Reached XP level 2. HP: 25/27 MP: 2/2
   221 | D:1      | Reached skill level 1 in Dodging
   479 | D:1      | Reached skill level 3 in Long Blades
   591 | D:2      | Reached XP level 3. HP: 22/33 MP: 3/3
   989 | D:2      | Reached skill level 1 in Slings
   989 | D:2      | Reached XP level 4. HP: 17/40 MP: 4/4
  1243 | D:3      | Reached skill level 4 in Long Blades
  1580 | D:3      | Found a sparkling altar of Nemelex Xobeh.
  1639 | D:3      | Reached XP level 5. HP: 37/46 MP: 5/5
  2022 | D:3      | Found a stormy altar of Qazlal.
  2133 | D:3      | Reached skill level 5 in Long Blades
  2306 | D:4      | Reached XP level 6. HP: 34/55 MP: 6/6
  2340 | D:4      | Reached skill level 6 in Long Blades
  2373 | D:4      | Found an iron altar of Okawaru.
  2490 | D:4      | Found an oddly glowing altar of Pakellas.
  2490 | D:4      | Found a sacrificial altar of Ru.
  2584 | D:4      | Reached skill level 7 in Long Blades
  2584 | D:4      | Reached XP level 7. HP: 18/61 MP: 7/7
  2807 | D:5      | Entered Level 5 of the Dungeon
  2884 | D:5      | Reached skill level 8 in Long Blades
  2918 | D:5      | Noticed Edmund
  2926 | D:5      | Killed Edmund
  3007 | D:5      | Found a glowing golden altar of the Shining One.
  3056 | D:5      | Found Urafiw's Gadget Boutique.
  3170 | D:4      | Became a worshipper of Pakellas the Inventive
  3256 | D:5      | Reached skill level 9 in Long Blades
  3256 | D:5      | Reached XP level 8. HP: 68/68 MP: 7/7
  3767 | D:6      | Found a shattered altar of Ashenzari.
  3846 | D:6      | Reached * piety under Pakellas
  3846 | D:6      | Received a gift from Pakellas
  3899 | D:6      | Reached skill level 10 in Long Blades
  3972 | D:6      | Found a radiant altar of Vehumet.
  4308 | D:7      | Reached skill level 5 in Evocations
  4323 | D:7      | Found Liomimul's Gadget Shop.
  4474 | D:7      | Gained mutation: You passively map the area around you. [Deep Dwarf growth]
  4474 | D:7      | Reached XP level 9. HP: 37/74 MP: 13/13
  4539 | D:7      | Gained mutation: Your flesh is cold resistant. [mutagenic meat]
  4540 | D:7      | Gained mutation: You possess an exceptional clarity of mind. [mutagenic meat]
  4541 | D:7      | Gained mutation: You have sharp toenails. [mutagenic meat]
  4542 | D:7      | Gained mutation: Scrolls take you a little longer to read. [mutagenic meat]
  4543 | D:7      | Gained mutation: Your movements are slightly less encumbered by armour (ER -2). [mutagenic meat]
  4544 | D:7      | Gained mutation: You are robust (+10% HP). [mutagenic meat]
  4763 | D:7      | Learned a level 2 spell: Blink
  4791 | D:7      | Found a staircase to the Ecumenical Temple.
  4797 | Temple   | Entered the Ecumenical Temple
  4810 | Temple   | Fell from the grace of Pakellas
  4810 | Temple   | Became a worshipper of Makhleb the Destroyer
  4859 | D:7      | Reached skill level 10 in Evocations
  5325 | D:8      | Found a shadowy altar of Dithmenos.
  5390 | D:8      | Noticed Pikel
  5401 | D:8      | Killed Pikel
  5401 | D:8      | Reached skill level 5 in Armour
  5513 | D:8      | Reached XP level 10. HP: 36/89 MP: 4/17
  5541 | D:8      | Found a sparkling altar of Nemelex Xobeh.
  5632 | D:8      | Noticed Psyche
  5647 | D:8      | Killed Psyche
  5650 | D:8      | Reached * piety under Makhleb
  5661 | D:8      | Noticed Maurice
  5671 | D:8      | Killed Maurice
  5779 | D:8      | Noticed Ery's ghost (novice MiBe)
  5811 | D:8      | Killed Ery's ghost
  6310 | D:9      | Found a snail-covered altar of Cheibriados.
  6328 | D:9      | Reached skill level 10 in Armour
  6771 | D:10     | Entered Level 10 of the Dungeon
  6794 | D:10     | Reached ** piety under Makhleb
  7111 | D:10     | Gained mutation: You are clumsy. (Dex -2) [mutagenic meat]
  7473 | D:10     | Reached XP level 11. HP: 44/96 MP: 0/17
  7573 | D:10     | Found a staircase to the Lair.
  7651 | D:10     | Reached *** piety under Makhleb
  7986 | D:11     | Gained mutation: You are surrounded by a mild repulsion field (EV +2). [mutagenic meat]
  7987 | D:11     | Lost mutation: Scrolls take you a little longer to read. [mutagenic meat]
  7988 | D:11     | Gained mutation: You are partially covered in rough black scales (AC +4, Dex -1). [mutagenic meat]
  8001 | D:11     | Found Vuqa's Weapon Boutique.
  8028 | D:11     | Found Atzep's Armour Shop.
  8037 | D:11     | Found Metinayl's Antique Weapon Shop.
  8055 | D:11     | Noticed a white ugly thing
  8069 | D:11     | Killed a white ugly thing
  8090 | D:11     | Found Maopeq's General Store.
  8097 | D:11     | Bought a potion of curing for 39 gold pieces
  8111 | D:11     | Found Puurghid's Assorted Antiques.
  8135 | D:11     | Reached skill level 11 in Long Blades
  8157 | D:11     | Bought a glowing great sword for 188 gold pieces
  8575 | D:11     | Noticed a red ugly thing
  8597 | D:11     | Killed a red ugly thing
  8601 | D:11     | Gained mutation: Your spells are a little harder to cast, but a little more powerful. [mutagenic meat]
  8631 | D:11     | Gained mutation: You have a somewhat thin skeletal structure (Dex +2, Stealth). [mutagenic meat]
  8766 | D:11     | Reached skill level 12 in Long Blades
  8821 | D:11     | Reached **** piety under Makhleb
  8916 | D:12     | Noticed Gastronok
  8927 | D:12     | Killed Gastronok
  9071 | D:12     | Noticed a hill giant
  9083 | D:12     | Killed a hill giant
  9083 | D:12     | Reached skill level 13 in Long Blades
  9190 | D:12     | Reached XP level 12. HP: 97/105 MP: 0/18
  9245 | D:12     | Noticed Harold
  9258 | D:12     | Killed Harold
  9541 | D:12     | Lost mutation: You possess an exceptional clarity of mind. [mutagenic meat]
  9764 | D:13     | Reached skill level 14 in Long Blades
  9828 | D:13     | Reached ***** piety under Makhleb
  9870 | D:13     | Found a gate to the Vaults.
  9870 | D:13     | Noticed a vault guard
  9870 | D:13     | Noticed a vault guard
  9870 | D:13     | Noticed a vault guard
  9891 | D:13     | Killed a vault guard
  9906 | D:13     | Killed a vault guard
  9916 | D:13     | Killed a vault guard
  9916 | D:13     | Reached skill level 15 in Long Blades
 10217 | D:13     | Found a sacrificial altar of Ru.
 10345 | D:13     | Noticed Erolcha
 10373 | D:13     | Killed Erolcha
 10486 | D:13     | Noticed a centaur warrior
 10495 | D:13     | Killed a centaur warrior
 10519 | D:13     | Reached XP level 13. HP: 112/112 MP: 0/20
 10528 | D:13     | Reached skill level 16 in Long Blades
 10575 | D:13     | Identified a scroll of acquirement
 10578 | D:13     | Got an encrusted double sword
 10579 | D:13     | Identified the +10 double sword of Ru's Generosity {antimagic, MR+} (You acquired it on level 13 of the Dungeon)
 10950 | D:14     | Gained mutation: You possess an exceptional clarity of mind. [potion of mutation]
 10950 | D:14     | Gained mutation: Your mind is acute. (Int +2) [potion of mutation]
 11047 | D:14     | Got a pitted ring mail
 11060 | D:14     | Identified the +2 ring mail of Ethics {rElec} (You found it on level 14 of the Dungeon)
 11159 | D:14     | Found Igeogo's Magic Scroll Shop.
 11178 | D:14     | Identified Juskec's Handbook of Toxic Dark Rites
 11180 | D:14     | Bought a scroll of remove curse for 45 gold pieces
 11508 | D:14     | Found a runed door.
 11509 | D:14     | Noticed an orc warlord
 11509 | D:14     | Noticed a frost giant
 11526 | D:14     | Killed a frost giant
 11536 | D:14     | Killed an orc warlord
 11562 | D:14     | Got a bloodstained longbow
 11563 | D:14     | Identified the +4 longbow of Incongruity {velocity, rElec MP-9 Str+2 Int+3} (You found it on level 14 of the Dungeon)
 11779 | D:15     | Entered Level 15 of the Dungeon
 11925 | D:15     | Found a staircase to the Depths.
 11948 | D:15     | Reached skill level 5 in Fighting
 12083 | D:15     | Was forgiven by Pakellas
 12164 | D:15     | Reached ****** piety under Makhleb
 12566 | D:15     | Gained mutation: You resist negative energy. [Deep Dwarf growth]
 12566 | D:15     | Reached XP level 14. HP: 124/139 MP: 7/21
 13311 | Depths:1 | Entered Level 1 of the Depths
 13328 | Depths:1 | Noticed a lich
 13335 | Depths:1 | Reached skill level 10 in Fighting
 13338 | Depths:1 | Killed a lich
 13551 | Depths:1 | Gained mutation: Your magical capacity is low (-10% MP). [mutagenic meat]
 13556 | Depths:1 | Lost mutation: Your mind is acute. (Int +2) [mutagenic meat]
 13616 | Depths:1 | Found a gateway to Hell.
 13966 | Depths:1 | Noticed a cyan very ugly thing
 13968 | Depths:1 | Noticed a cyan very ugly thing
 13987 | Depths:1 | Killed a purple very ugly thing
 14002 | Depths:1 | Killed a cyan very ugly thing
 14402 | Depths:2 | Reached XP level 15. HP: 162/162 MP: 6/19
 14599 | Depths:4 | Noticed Margery
 14607 | Depths:3 | Noticed a fire giant
 14631 | Depths:3 | Killed from afar by a fire giant

Skill      XL: |  1  2  3  4  5  6  7  8  9 10 11 12 13 14 15 |
---------------+----------------------------------------------+-----
Dodging        | 1 |  1.3
Long Blades    | 3 4 5 7 9 10 13 15 16 | 16.8
Slings         | 1 2 |  2.1
Evocations     | 7 11 12 | 12.5
Armour         | 6 11 12 | 12.0
Fighting       | 8 13 14 | 14.0
Shields        | |  3.2

Action                   |  1- 3 |  4- 6 |  7- 9 | 10-12 | 13-15 || total
-------------------------+-------+-------+-------+-------+-------++-------
Melee: Long sword        |    92 |       |       |       |       ||    92
       Falchion          |    25 |   174 |   365 |   794 |    15 ||  1373
       Kick              |       |       |    39 |   202 |   218 ||   459
       Double sword      |       |       |       |       |   615 ||   615
Invok: Quick Charge      |       |       |     2 |       |       ||     2
 Abil: Device Recharging |       |       |     1 |     1 |       ||     2
Evoke: Wand              |     1 |     1 |     8 |    13 |     1 ||    24
       Phial of floods   |       |       |       |     1 |       ||     1
  Use: Scroll            |       |     6 |     1 |    15 |     9 ||    31
       Potion            |       |       |       |       |    21 ||    21
 Stab: Distracted        |       |       |       |     1 |       ||     1
  Eat: Chunk             |       |     5 |    17 |    27 |    11 ||    60
       Fruit             |       |       |     1 |       |       ||     1
       Bread ration      |       |       |       |       |     2 ||     2
       Royal jelly       |       |       |       |       |     1 ||     1
Armor: Scale mail        |    56 |    24 |       |       |       ||    80
       Chain mail        |       |    65 |   162 |   174 |       ||   401
       Plate armour      |       |       |       |   220 |    37 ||   257
       Skin              |       |       |       |     1 |       ||     1
       Ring mail         |       |       |       |       |   117 ||   117
       Storm dragon armo |       |       |       |       |    59 ||    59
Dodge: Dodged            |    33 |    34 |    62 |   343 |   280 ||   752
Block: Shield            |    54 |    79 |   161 |   351 |   230 ||   875
